Map: [ESL] Cosmic Sapphire

Players

ArT - Winner!

  • Race: Protoss Protoss
  • Spawn Location: 11:00

NightPhoenix

  • Race: Protoss Protoss
  • Spawn Location: 5:00

Event: DreamHack SC2 Masters 2022 Atlanta (Online)

VOD

Have the link to the VOD?

Description

Time

  • Played on: Oct. 9, 2022, 12:55 p.m.
  • Length: 8:17

All games in this series

Show
View Real Time Build Order
Export as new Build Order

ArT Protoss - Winner!

Build Orders: Blink Stalkers 

Get SALT Encoding   

  12  0:00  Probe  
  13  0:12  Probe  
  14  0:17  Pylon  
  14  0:24  Probe (Chrono Boost)  
  15  0:36  Gateway, Probe (Chrono Boost)  
  16  0:45  Probe (Chrono Boost)  
  16  0:46  Assimilator  
  17  0:51  Probe  
  17  0:54  Assimilator  
  18  1:03  Probe (Chrono Boost)  
  19  1:07  Gateway  
  20  1:12  Probe (Chrono Boost)  
  20  1:17  Probe (Chrono Boost)  
  20  1:24  Cybernetics Core  
  21  1:29  Probe  
  22  1:35  Pylon  
  22  1:41  Probe  
  23  1:53  Probe  
  24  2:00  Stalker  
  26  2:02  Warp Gate (Chrono Boost), Stalker  
  28  2:12  Pylon  
  28  2:18  Probe  
  29  2:32  Stalker x2  
  33  3:03  Sentry  
  33  3:04  Nexus  
  35  3:10  Sentry  
  37  3:15  Probe, Pylon  
  38  3:23  Twilight Council  
  38  3:27  Probe  
  39  3:39  Probe (Chrono Boost)  
  40  3:44  Stalker  
  40  3:46  Stalker  
  44  3:51  Probe (Chrono Boost)  
  45  3:58  Blink (Chrono Boost)  
  45  4:00  Probe (Chrono Boost)  
  46  4:08  Stalker  
  47  4:15  Probe (Chrono Boost)  
  48  4:17  Stalker  
  48  4:23  Probe (Chrono Boost)  
  51  4:28  Probe (Chrono Boost)  
  53  4:32  Probe (Chrono Boost)  
  53  4:33  Stalker  
  53  4:34  Probe (Chrono Boost)  
  53  4:38  Probe  
  56  4:42  Probe  
  55  4:50  Probe  
  55  4:54  Probe, Stalker  
  55  4:56  Pylon  
  58  5:02  Probe  
  58  5:06  Probe  
  60  5:09  Stalker  
  62  5:14  Probe  
  62  5:18  Probe, Stalker  
  66  5:26  Probe  
  67  5:30  Probe  
  67  5:31  Nexus  
  68  5:35  Pylon  
  68  5:41  Probe  
  69  5:45  Robotics Facility  
  69  5:47  Probe  
  70  5:56  Probe  
  71  6:01  Probe  
  71  6:03  Assimilator  
  72  6:05  Stalker x2, Pylon  
  72  6:08  Probe  
  72  6:11  Gateway  
  77  6:13  Probe  
  77  6:16  Shield Battery  
  78  6:23  Probe  
  78  6:25  Pylon  
  79  6:29  Probe  
  79  6:31  Pylon  
  79  6:32  Adept x2  
  84  6:35  Observer (Chrono Boost), Probe  
  84  6:36  Charge  
  86  6:43  Probe  
  86  6:49  Shield Battery  
  86  6:53  Stalker x2  
  86  6:54  Probe  
  86  6:58  Shield Battery  
  86  7:01  Immortal (Chrono Boost)  
  91  7:04  Probe  
  91  7:07  Stalker  
  90  7:12  Probe  
  90  7:20  Stalker x2  
  90  7:21  Probe  
  93  7:26  Probe  
  94  7:30  Stalker  
  94  7:31  Shield Battery  
  94  7:33  Probe  
  94  7:36  Observer, Immortal (Chrono Boost)  
  94  7:41  Probe  
  94  7:44  Probe  
  94  7:50  Probe, Stalker x2  
  93  7:53  Probe  
  93  7:55  Stalker  
  96  8:01  Gateway  
  96  8:03  Gateway  
  96  8:13  Stalker x2  
Show
View Real Time Build Order
Export as new Build Order

NightPhoenix Protoss 

Build Orders: Oracle Opening 

Get SALT Encoding   

  12  0:00  Probe  
  13  0:12  Probe  
  14  0:17  Pylon  
  14  0:24  Probe (Chrono Boost)  
  15  0:36  Probe (Chrono Boost)  
  15  0:37  Gateway  
  16  0:44  Probe (Chrono Boost)  
  16  0:46  Assimilator  
  17  0:51  Probe  
  17  0:54  Assimilator  
  18  1:03  Probe (Chrono Boost)  
  19  1:08  Gateway  
  19  1:12  Probe (Chrono Boost)  
  19  1:17  Probe (Chrono Boost)  
  20  1:24  Cybernetics Core  
  21  1:29  Probe  
  22  1:36  Pylon  
  22  1:41  Probe  
  24  1:54  Probe  
  24  2:00  Stalker x2  
  28  2:02  Warp Gate  
  28  2:06  Probe  
  29  2:14  Pylon  
  29  2:24  Stargate  
  29  2:48  Nexus  
  29  2:58  Probe  
  30  3:05  Oracle (Chrono Boost)  
  33  3:13  Pylon  
  31  3:21  Shield Battery  
  31  3:26  Probe  
  30  3:35  Oracle  
  33  3:50  Stalker  
  33  3:51  Stalker  
  33  3:54  Probe  
  38  4:07  Gateway  
  38  4:10  Twilight Council, Stalker  
  38  4:11  Probe x2  
  38  4:16  Stalker  
  44  4:23  Probe x2  
  46  4:30  Pylon  
  46  4:35  Stalker  
  48  4:45  Probe x2  
  50  4:47  Blink (Chrono Boost)  
  50  4:57  Probe, Assimilator  
  51  5:03  Gateway  
  51  5:04  Probe (Chrono Boost)  
  52  5:08  Pylon  
  52  5:10  Probe (Chrono Boost)  
  52  5:13  Stalker  
  55  5:20  Probe x2 (Chrono Boost), Stalker  
  59  5:26  Probe  
  60  5:31  Stalker  
  60  5:33  Pylon  
  60  5:34  Probe  
  63  5:39  Probe, Pylon  
  64  5:44  Stalker  
  66  5:51  Gateway  
  66  5:54  Gateway  
  63  6:01  Stalker  
  63  6:03  Stalker  
  64  6:07  Stalker  
  66  6:11  Stalker  
  68  6:21  Probe x2  
  70  6:26  Stalker x2  
  70  6:32  Assimilator  
  74  6:33  Stalker  
  74  6:34  Pylon  
  74  6:36  Stalker  
  74  6:54  Stalker x4  
  74  6:58  Stalker  
  74  7:19  Stalker x3  
  76  7:24  Stalker x2  
  76  7:29  Stalker  
  70  7:48  Adept  
  70  7:49  Adept  
  60  7:51  Stalker x2  
  60  7:52  Probe  
  60  7:53  Probe  
  66  8:00  Stalker  
  66  8:03  Stalker  
Tags
 
Add a new tag
Caveats
  • Supply blocks, unpowered buildings, or Contaminate may cause inaccurate times.
  • Supply counts are checked every 10 seconds.